 Dungeon Crawl Stone Soup version 0.23.2-1-ga50397a (webtiles) character file.

Game seed: 3334155025893336972

71 Borgoz the Chopper (level 4, -2/27 HPs)
             Began as a Gargoyle Gladiator on May 14, 2019.
             Killed from afar by Ijyb (5 damage)
             ... with a wand of flame (9)
             ... on level 2 of the Dungeon.
             The game lasted 00:01:13 (1390 turns).

Borgoz the Chopper (Gargoyle Gladiator)             Turns: 1390, Time: 00:01:14

Health: -2/27      AC: 13    Str: 18    XL:     4   Next: 24%
Magic:  4/4        EV:  8    Int:  8    God:
Gold:   95         SH:  0    Dex: 12    Spells: 3/3 levels left

rFire    . . .     SeeInvis .   a - +0 war axe
rCold    . . .     Gourm    .   (no shield)
rNeg     + . .     Faith    .   r - +0 chain mail
rPois    ∞         Spirit   .   c - +0 helmet
rElec    +         Reflect  .   (no cloak)
rCorr    .         Harm     .   (no gloves)
MR       .....                  (no boots)
Stlth    ..........             (no amulet)
HPRegen  0.09/turn              j - +1 ring of slaying
MPRegen  0.09/turn              (no ring)

@: no status effects
A: negative energy resistance 1, electricity resistance, unbreathing,
petrification resistance, rot immunity, AC +3
a: no special abilities


You were on level 2 of the Dungeon.
You were not hungry.

You visited 1 branch of the dungeon, and saw 2 of its levels.

You collected 95 gold pieces.

Inventory:

Hand Weapons
 a - a +0 war axe (weapon)
Armour
 c - a +0 helmet (worn)
 r - a +0 chain mail (worn)
Jewellery
 j - a +1 ring of slaying (left hand)
Scrolls
 e - 2 scrolls of teleportation {unknown}
 l - a scroll of fog {unknown}
 m - a scroll of enchant weapon {unknown}
 n - a scroll of blinking {unknown}
 q - a scroll of remove curse {unknown}
Potions
 g - a potion of lignification {unknown}
 h - 2 potions of curing
 i - 2 potions of mutation {unknown}
 k - a potion of degeneration {unknown}
 p - a potion of heal wounds {unknown}
Comestibles
 f - 8 rations
 o - 4 chunks of flesh


   Skills:
 + Level 2.8 Fighting
 * Level 3.3 Axes
 - Level 1.7 Throwing
 + Level 1.4 Armour
 * Level 3.1 Dodging


You had 3 spell levels left.
You didn't know any spells.
Your spell library was empty.

Dungeon Overview and Level Annotations

Branches:
Dungeon (2/15)

Altars:

Annotations:
D:2 Ijyb


Innate Abilities, Weirdness & Mutations

You are resistant to torment.
Your stone body is resilient. (AC +3)
You are immune to poison.
You resist negative energy. (rN+)
You are resistant to electric shocks. (rElec)
You can survive without breathing.
You are immune to petrification.
You are immune to rotting.


Message History

Ijyb struggles against the net. x2
You hit Ijyb but do no damage.
Ijyb is severely wounded.
Ijyb struggles against the net.
You catch the helpless Ijyb completely off-guard!
You hit Ijyb.
Ijyb is severely wounded.
A quokka comes into view.
Ijyb screams, "Get away!"
Ijyb struggles against the net.
The net rips apart, and Ijyb comes free!
You hit Ijyb.
Ijyb is almost dead.
Ijyb zaps a wand.
The puff of flame hits you but does no damage.
Ijyb barely misses you.
You closely miss Ijyb.
Ijyb is almost dead.
Ijyb zaps a wand.
The puff of flame hits you.
You die...

.....# #.# ####.###
#8(....8# #.#
#......#### #.......#
#.. ##.#......#
#8.....8# ##..
##.#.#.##.# #.......#
... ##.#.#.##.#
#8.....8# ..
..........# #.......#
##. ##.#.####.#
#8g....8# ..
..........# #.@.....#
# ##.#.####.#
###†).....# #
#.#.#....#
#........## ##+####
#.#.#.######r######.#
#......
#.#..........# #
#......
#...#.#####..#
#...... #.###.# #..#
+...... #[# #.# #..#
#...... #.# #.# #..#
#......


You could see Ijyb and a quokka.

Vanquished Creatures
  2 adders (D:2)
  2 dart slugs (D:1)
  3 leopard geckos
  4 bats
  2 giant cockroaches (D:2)
  10 goblins
  5 hobgoblins
  3 jackals (D:1)
  A quokka (D:2)
  3 frilled lizards
  4 kobolds
  5 rats
44 creatures vanquished.

Notes
Turn   | Place    | Note
-------+----------+-------------------------------------------
     0 | D:1      | Borgoz the Gargoyle Gladiator began the quest for the Orb.
     0 | D:1      | Reached XP level 1. HP: 12/12 MP: 1/1
    64 | D:1      | Reached XP level 2. HP: 16/18 MP: 2/2
   523 | D:1      | Reached XP level 3. HP: 22/22 MP: 3/3
   591 | D:1      | Reached skill level 1 in Armour
  1346 | D:2      | Reached XP level 4. HP: 23/27 MP: 4/4
  1351 | D:2      | Noticed Ijyb
  1390 | D:2      | Killed from afar by Ijyb

Skill      XL: |  1  2  3 |
---------------+----------+-----
Axes           | 3 |  3.3
Armour         | 1 |  1.4
Dodging        | 3 |  3.1
Fighting       | |  2.8
Throwing       | |  1.7

Action                   |  1- 3 |  4- 6 || total
-------------------------+-------+-------++-------
Melee: War axe           |   118 |    32 ||   150
Throw: Throwing net      |       |     3 ||     3
 Stab: Held in net/web   |       |     1 ||     1
  Eat: Chunk             |     2 |       ||     2
Armor: Leather armour    |    49 |       ||    49
       Chain mail        |    14 |    25 ||    39
Dodge: Dodged            |    88 |    16 ||   104
